 Dungeon Crawl Stone Soup version 0.25-a0-503-ge281fa673e (webtiles) character file.

Game seed: 5470286003138581429, levelgen mode: deterministic

6876 BeastOfSaturn the Tainter (level 10, -6/64 HPs)
             Began as a Demonspawn Venom Mage on Feb 13, 2020.
             Was a Believer of Hepliaklqana.
             Mangled by a two-headed ogre
             ... wielding a +0 giant spiked club
              (25 damage)
             ... on level 9 of the Dungeon.
             The game lasted 00:47:42 (10117 turns).

BeastOfSaturn the Tainter (Demonspawn Venom Mage)  Turns: 10117, Time: 00:47:43

Health: -6/64      AC: 17    Str: 12    XL:     10   Next: 78%
Magic:  8/17       EV: 11    Int: 17    God:    Hepliaklqana [**....]
Gold:   398        SH:  0    Dex: 22    Spells: 9/19 levels left

rFire    + . .     SeeInvis .   D - +8 lajatang of Resumed Hostilities {freeze, rPois Dex+2}
rCold    . . .     Gourm    .   (shield currently unavailable)
rNeg     . . .     Faith    .   t - +5 scale mail of the Game Afoot {*Contam rF+ MR+ Dex+7}
rPois    +         Spirit   .   (no helmet)
rElec    .         Reflect  .   (no cloak)
rCorr    .         Harm     .   (no gloves)
MR       +....                  (boots unavailable)
Stlth    ++++......             k - amulet of regeneration
HPRegen  0.60/turn              (no ring)
MPRegen  0.15/turn              (no ring)

@: very slightly contaminated
A: reduced essence, hooves 3, iridescent scales 2, nightstalker 3
a: Recall Ancestor, Ancestor Identity, Renounce Religion


You were on level 9 of the Dungeon.
You worshipped Hepliaklqana.
Hepliaklqana was pleased with you.
You were not hungry.

You visited 2 branches of the dungeon, and saw 10 of its levels.

You collected 398 gold pieces.

Inventory:

Hand Weapons
 C - a +0 trident of venom
 D - the +8 lajatang of Resumed Hostilities (weapon) {freeze, rPois Dex+2}
   (You found it on level 8 of the Dungeon)

   It has been specially enchanted to freeze those struck by it, causing extra
   injury to most foes and up to half again as much damage against particularly
   susceptible opponents.
   It can also slow down cold-blooded creatures.
   It affects your dexterity (+2).
   It protects you from poison.
Armour
 a - a cursed +0 buckler
 t - the +5 scale mail of the Game Afoot (worn) {*Contam rF+ MR+ Dex+7}
   (You found it on level 4 of the Dungeon)

   It affects your dexterity (+7).
   It protects you from fire.
   It affects your resistance to hostile enchantments.
   It causes magical contamination when unequipped.
   If you remove this armour, your AC will decrease by 13 (17 -> 4).
Jewellery
 k - an amulet of regeneration (around neck)
Wands
 f - a wand of enslavement (8)
 q - a wand of paralysis (10)
 u - a wand of polymorph (7)
 y - a wand of digging (5)
 E - a wand of flame (14)
Scrolls
 b - a scroll of amnesia {unknown}
 d - a scroll of magic mapping
 e - 2 scrolls of brand weapon {unknown}
 h - 3 scrolls of teleportation
 i - 3 scrolls of identify
 l - 5 scrolls of remove curse
 n - 2 scrolls of random uselessness {unknown}
 r - a scroll of fear {unknown}
 s - 2 scrolls of blinking {unknown}
 w - a scroll of silence {unknown}
 x - a scroll of noise {unknown}
 A - 2 scrolls of immolation {unknown}
Potions
 g - 2 potions of lignification
 j - a potion of brilliance
 m - 9 potions of curing
 o - 3 potions of haste
 p - 3 potions of agility
 v - 2 potions of cancellation
 z - 2 potions of flight {unknown}
 B - 3 potions of magic
Comestibles
 c - 7 rations


   Skills:
 + Level 4.3 Fighting
   Level 1.1(2.7) Axes
   Level 3.3(5.5) Maces & Flails
 + Level 1.5(4.5) Polearms
 + Level 6.6(7.1) Staves
 * Level 7.4 Armour
 + Level 3.8 Dodging
 - Level 1.7 Stealth
 - Level 5.0 Spellcasting
 - Level 0.8 Transmutations
 - Level 2.0 Air Magic
 * Level 8.2 Poison Magic
 * Level 3.1 Invocations


You had 9 spell levels left.
You knew the following spells:

 Your Spells              Type           Power        Failure   Level  Hunger
a - Sting                 Tmut/Pois      ###.         10%         1    None
b - Poisonous Vapours     Pois/Air       ###...       11%         2    #......
c - Mephitic Cloud        Conj/Pois/Air  ###.....     41%         3    ###....
d - Olgreb's Toxic Radia  Pois           ####....     21%         4    ####...

Your spell library contained the following spells:

 Spells                   Type           Power        Failure   Level  Hunger
 Ignite Poison            Fire/Tmut/Pois ##......     45%         3    ###....
 Corona                   Hex            #......      52%         1    None
 Ensorcelled Hibernation  Hex/Ice        #.....       65%         2    #......
 Confusing Touch          Hex            #.......     87%         3    ###....
 Dazzling Flash           Conj/Hex       #.....       87%         3    ###....
 Tukima's Dance           Hex            #.......     87%         3    ###....


Dungeon Overview and Level Annotations

Branches:
Dungeon (9/15)             Temple (1/1) D:4             Orc (0/2) D:9
   Lair: D:8-11

Altars:
Ashenzari
Cheibriados
Dithmenos
Elyvilon
Fedhas
Gozag
Hepliaklqana
Kikubaaqudgha
Makhleb
Nemelex Xobeh
Okawaru
Qazlal
Ru
Sif Muna
Trog
Uskayaw
Vehumet
Wu Jian
Xom
Yredelemnul
Zin
The Shining One

Shops:
D:5 =   D:6 %   D:8 }


Innate Abilities, Weirdness & Mutations

You have hooves in place of feet.
You are mostly covered in iridescent scales. (AC +4)
You are completely attuned to the shadows.
Your life essence is reduced to manifest your ancestor. (-10% HP)


Message History

The orc warrior hits you with a cursed -2 trident.
* * * LOW HITPOINT WARNING * * *
Narvi hits the orc warrior with a +0 flail!
The two-headed ogre is engulfed in noxious fumes.
The two-headed ogre barely misses you.
The two-headed ogre hits you with a +0 giant club!
* * * LOW HITPOINT WARNING * * *
The orc warrior hits you but does no damage.
Narvi hits the orc warrior but does no damage.
Items here: ))))) [[ †† Something blocks the orc warrior's attack.
Items here: )) [ ††††† You feel sick.
The orc warrior looks more healthy.
The two-headed ogre seems less confused.
The orc warrior hits something with a cursed -2 trident.
You feel better.
There is a stone staircase leading up here.
The two-headed ogre looks more healthy.
The two-headed ogre hits you with a +0 giant spiked club!!
You die...

#.........# #)#.#..,,,*
*,* #......[..#
#)#.###**** *,*
#.........# #.#** *,*
*,* #.........# #.# *,*
*,* ###..[......# #.#
*,* *,* .|.)........#
#.# *,* *,*
###.#######<# #.# *,*
*,* #.#
#.#####O####*,*****,***
#.#
#.....@.....,,,,,,,,,,,
#.#
#.##########,******,***
###.#######.# *,* *,*
.†..........# *,* *,*
###.#######.# *,* *,*
#.# #.# *,* *,* #.# #.#
*,* *,* #.# #.# *,* *,*
#.# *,* *,* *,*


You could see a two-headed ogre.

Vanquished Creatures
  Harold (D:8)
  Joseph (D:8)
  Maggie (D:9)
  Grinder (D:4)
  2 hippogriffs
  A wyvern (D:9)
  A hog (D:7)
  A human (D:7)
  Menkaure (D:7)
  Duvessa (D:6)
  4 orc warriors
  2 black bears (D:9)
  An ice beast (D:7)
  A phantom (D:4)
  A necrophage (D:9)
  5 ogres
  3 centaurs
  Blork the orc (D:6)
  3 bullfrogs
  Dowan (D:6)
  2 scorpions
  A water moccasin zombie (D:5)
  2 killer bees
  A howler monkey (D:8)
  4 crimson imps
  A quasit (D:8)
  A bullfrog skeleton (D:7)
  A hound (D:7)
  A jelly (D:5)
  A centaur skeleton (D:7)
  7 orc priests
  5 orc wizards
  3 worker ants
  A hound zombie (D:7)
  A hound skeleton (D:4)
  7 gnolls
  9 adders
  An adder skeleton (D:9)
  2 worms
  A dart slug (D:1)
  4 leopard geckos
  38 orcs
  2 ball pythons
  6 giant cockroaches
  5 goblins
  7 hobgoblins
  9 jackals
  7 kobolds
  2 quokkas
  9 bats
  7 frilled lizards
  A jackal zombie (D:7)
  9 rats
191 creatures vanquished.

Vanquished Creatures (collateral kills)
  A yak (D:7)
  2 hogs (D:7)
  2 orc warriors (D:9)
  A hornet zombie (D:9)
  A big kobold (D:8)
  A bullfrog (D:7)
  A scorpion (D:8)
  A howler monkey (D:8)
  3 killer bees
  2 crimson imps
  A hound (D:5)
  2 orc priests
  A worker ant (D:6)
  2 worker ant zombies
  An adder (D:4)
  A shadow imp (D:9)
  An adder zombie (D:8)
  15 orcs
  2 jackals
  2 gnoll zombies (D:5)
  A jackal zombie (D:5)
  A kobold (D:8)
  A leopard gecko skeleton (D:5)
46 creatures vanquished.

Vanquished Creatures (others)
  2 knights
  3 ancestors
5 creatures vanquished.

Grand Total: 242 creatures vanquished

Notes
Turn   | Place    | Note
-------+----------+-------------------------------------------
     0 | D:1      | BeastOfSaturn the Demonspawn Venom Mage began the quest for
                  | the Orb.
     0 | D:1      | Reached XP level 1. HP: 13/13 MP: 3/3
   265 | D:1      | Gained mutation: You are slightly more attuned to the
                  | shadows. [demonic ancestry]
   265 | D:1      | Reached XP level 2. HP: 12/19 MP: 1/5
  1158 | D:2      | Gained mutation: You have large cloven feet. [demonic
                  | ancestry]
  1158 | D:2      | Reached XP level 3. HP: 9/24 MP: 2/6
  1620 | D:2      | Learned a level 2 spell: Poisonous Vapours
  1624 | D:2      | Learned a level 3 spell: Mephitic Cloud
  1893 | D:2      | Found a glowing golden altar of the Shining One.
  2216 | D:3      | Reached skill level 1 in Armour
  2423 | D:3      | Gained mutation: You have hoof-like feet. [demonic
                  | ancestry]
  2423 | D:3      | Reached XP level 4. HP: 30/30 MP: 0/7
  2461 | D:3      | Reached skill level 4 in Poison Magic
  3095 | D:3      | Gained mutation: You are significantly more attuned to the
                  | shadows. [demonic ancestry]
  3095 | D:3      | Reached XP level 5. HP: 35/35 MP: 3/8
  3825 | D:4      | Found a staircase to the Ecumenical Temple.
  3832 | Temple   | Entered the Ecumenical Temple
  3987 | Temple   | Became a worshipper of Hepliaklqana the Forgotten
  4049 | D:4      | Noticed Grinder
  4722 | D:4      | Got a crude scale mail
  4733 | D:4      | Identified the +5 scale mail of the Game Afoot {*Contam rF+
                  | MR+ Dex+7} (You found it on level 4 of the Dungeon)
  4778 | D:4      | Noticed a phantom
  4801 | D:4      | Killed a phantom
  4801 | D:4      | Reached skill level 1 in Maces & Flails
  4801 | D:4      | Gained mutation: You are partially covered in iridescent
                  | scales. (AC +2) [demonic ancestry]
  4801 | D:4      | Reached XP level 6. HP: 35/37 MP: 8/10
  5048 | D:4      | Paralysed by Grinder for 2 turns
  5061 | D:4      | Killed Grinder
  5061 | D:4      | Reached skill level 1 in Fighting
  5061 | D:4      | Reached skill level 1 in Axes
  5336 | D:5      | Entered Level 5 of the Dungeon
  5436 | D:5      | Found Viakhech's Jewellery Shop.
  5467 | D:5      | Noticed a hippogriff
  5561 | D:5      | Reached * piety under Hepliaklqana
  5637 | D:5      | Reached skill level 5 in Poison Magic
  5637 | D:5      | Reached XP level 7. HP: 41/43 MP: 0/11
  5640 | D:5      | Reached skill level 1 in Air Magic
  6190 | D:5      | Killed a hippogriff
  6309 | D:5      | Found a basalt altar of Yredelemnul.
  6638 | D:6      | Gained mutation: You have hooves in place of feet. [demonic
                  | ancestry]
  6638 | D:6      | Reached XP level 8. HP: 48/48 MP: 13/13
  6642 | D:6      | Noticed Duvessa
  6642 | D:6      | Noticed Dowan
  6650 | D:6      | Killed Duvessa
  6658 | D:6      | Killed Dowan
  6663 | D:6      | Reached skill level 6 in Poison Magic
  6687 | D:6      | Learned a level 4 spell: Olgreb's Toxic Radiance
  7169 | D:6      | Found Dyinoc's Food Shoppe.
  7252 | D:6      | Found a hide-covered altar of Uskayaw.
  7295 | D:6      | Reached ** piety under Hepliaklqana
  7296 | D:6      | Remembered your ancestor Narvi as a knight
  7336 | D:6      | You fall into a shaft and drop 3 floors!
  7494 | D:8      | Found Daag's Gadget Emporium.
  7501 | D:8      | HP: 1/50 [orc warrior/+0 trident (17)]
  7506 | D:8      | Reached skill level 5 in Armour
  7684 | D:8      | Got a transparent lajatang
  7685 | D:8      | Identified the +8 lajatang of Resumed Hostilities {freeze,
                  | rPois Dex+2} (You found it on level 8 of the Dungeon)
  7705 | D:8      | Noticed Joseph
  7715 | D:8      | Killed Joseph
  7715 | D:8      | Reached skill level 1 in Polearms
  7715 | D:8      | Gained mutation: You are completely attuned to the shadows.
                  | [demonic ancestry]
  7715 | D:8      | Reached XP level 9. HP: 37/55 MP: 15/15
  7851 | D:7      | Reached skill level 1 in Staves
  7951 | D:7      | Found a stormy altar of Qazlal.
  8104 | D:7      | Reached skill level 7 in Poison Magic
  8488 | D:7      | Noticed Menkaure
  8491 | D:7      | Killed Menkaure
  8899 | D:6      | Noticed Blork the orc
  8905 | D:6      | Killed Blork the orc
  8905 | D:6      | Gained mutation: You are mostly covered in iridescent
                  | scales. (AC +4) [demonic ancestry]
  8905 | D:6      | Reached XP level 10. HP: 63/63 MP: 17/17
  9161 | D:8      | Found a radiant altar of Vehumet.
  9304 | D:8      | Reached skill level 5 in Staves
  9396 | D:8      | Noticed Harold
  9408 | D:8      | Killed Harold
  9408 | D:8      | Reached skill level 5 in Spellcasting
  9788 | D:9      | Noticed Maggie
  9800 | D:9      | Killed Maggie
  9800 | D:9      | Reached skill level 1 in Invocations
  9945 | D:9      | Found a shattered altar of Ashenzari.
  9974 | D:9      | Found a bloodstained altar of Trog.
 10042 | D:9      | Reached skill level 8 in Poison Magic
 10096 | D:9      | Noticed a two-headed ogre
 10106 | D:9      | HP: 3/64 [two-headed ogre/+0 giant spiked club (13)]
 10117 | D:9      | Mangled by a two-headed ogre

Levels and vault maps discovered:
D:1:      onia_arrival_handbag, layout_basic, minmay_misc_feat_columns,
          st_stairs_13
D:2:      layout_loops_ring, first_ration, tso_altar
D:3:      layout_basic
D:4:      layout_loops_corners, minmay_temple_entry_wispy, uniq_grinder
D:5:      layout_cave_pods, lemuel_zombie_altar_yredelemnul, serial_shops, shop,
          st_stairs_12
D:6:      layout_loops_ring, lemuel_crystal_altar, serial_shops,
          nicolae_shop_crystal, uniq_duvessa, uniq_blork_the_orc
D:7:      layout_basic, grunt_livestock, nicolae_qazlal_eye_of_the_storm,
          uniq_menkaure
D:8:      layout_loops_ring, marbit_many_paths, serial_shops,
          nicolae_shop_crystal, grunt_ministairs_1, columned_hall_lemuel,
          uniq_harold, uniq_joseph
D:9:      layout_small_grid, nicolae_overflow_hidden_temple, david_orc_5,
          basic_altar, trog_ov_bears_minmay, uniq_maggie
Temple:   regret_index_temple_mists

Skill      XL: |  1  2  3  4  5  6  7  8  9 10 |
---------------+-------------------------------+-----
Dodging        | 2 3 |  3.8
Armour         | 1 2 3 5 6 7 |  7.4
Poison Magic   | 4 5 6 7 8 |  8.2
Maces & Flails | 1 2 3 |  3.3
Fighting       | 1 2 3 4 |  4.3
Axes           | 1 |  1.1
Spellcasting   | 3 4 5 |  5.0
Air Magic      | 1 2 |  2.0
Polearms       | 1 |  1.5
Staves         | 4 6 |  6.6
Invocations    | 3 |  3.1
Stealth        | |  1.7
Transmutations | |  0.8

Action                   |  1- 3 |  4- 6 |  7- 9 | 10-12 || total
-------------------------+-------+-------+-------+-------++-------
Melee: Unarmed           |    11 |       |       |       ||    11
       Dagger            |    10 |       |       |       ||    10
       Short sword       |     3 |       |       |       ||     3
       Whip              |    35 |    11 |       |       ||    46
       Kick              |     3 |    27 |    71 |    36 ||   137
       War axe           |       |    34 |       |       ||    34
       Mace              |       |    55 |    87 |       ||   142
       Trident           |       |       |    48 |       ||    48
       Lajatang          |       |       |    70 |   119 ||   189
 Cast: Sting             |    50 |     8 |     2 |       ||    60
       Poisonous Vapours |     7 |    20 |    21 |       ||    48
       Mephitic Cloud    |     1 |       |       |     2 ||     3
       Olgreb's Toxic Ra |       |       |     2 |     3 ||     5
Invok: Ancestor Identity |       |     1 |       |       ||     1
       Recall Ancestor   |       |       |     1 |       ||     1
       Ancestor Life: Kn |       |       |     1 |       ||     1
  Use: Scroll            |       |     4 |    10 |       ||    14
       Potion            |       |     3 |     4 |     1 ||     8
 Stab: Sleeping          |     2 |     3 |    13 |     4 ||    22
       Confused          |       |       |       |     1 ||     1
  Eat: Ration            |     2 |     2 |     3 |     1 ||     8
       Chunk             |     1 |     3 |     5 |       ||     9
Armor: Robe              |    17 |     7 |       |       ||    24
       Scale mail        |       |    28 |   131 |    62 ||   221
       Leather armour    |       |     6 |       |       ||     6
Dodge: Dodged            |    43 |    65 |   138 |    87 ||   333

Table legend:
 A = Non-vault XP
 B = Vault XP
 C = Vault XP percentage of total XP
 D = Non-vault monster count
 E = Vault monster count
 F = Vault count percentage of total count
                 A         B        C        D         E       F
            +---------+---------+-------+---------+---------+-------
      Total |    5036 |    4788 |  48.7 |     191 |      46 |  19.4
            +---------+---------+-------+---------+---------+-------
        D:1 |      24 |       7 |  22.6 |      14 |       5 |  26.3
        D:2 |      46 |       0 |   0.0 |      15 |       0 |   0.0
        D:3 |     135 |       0 |   0.0 |      26 |       0 |   0.0
        D:4 |     177 |     262 |  59.7 |       6 |       1 |  14.3
        D:5 |     474 |     258 |  35.2 |      29 |       3 |   9.4
        D:6 |     282 |     317 |  52.9 |      11 |       3 |  21.4
        D:7 |    1243 |    1122 |  47.4 |      26 |       6 |  18.8
        D:8 |    1552 |    1498 |  49.1 |      43 |       8 |  15.7
        D:9 |    1103 |    1324 |  54.6 |      21 |      20 |  48.8
            +---------+---------+-------+---------+---------+-------
